 Dungeon Crawl Stone Soup version bcrawl-1.36.4 (webtiles) character file.

Game seed: 14375601151763363808

255246 jojo4K the Chopper (level 7, -3/52 HPs)
             Began as a Demonspawn Berserker on Aug 12, 2022.
             Was a Priest of Trog.
             Slain by a wolf spider zombie (9 damage)
             ... on level 6 of the Dungeon.
             The game lasted 00:21:00 (3805 turns).

jojo4K the Chopper (Demonspawn Berserker)           Turns: 3805, Time: 00:21:01

Health: -3/52      AC: 11    Str: 23    XL:     7   Next: 87%
Magic:  7/7        EV: 12    Int:  9    God:    Trog [***...]
Gold:   412        SH:  0    Dex: 13    Spells: 6/6 levels left

rFire    . . .     SeeInvis +   z - +4 hand axe
rCold    . . .     Gourm    .   (no shield)
rNeg     . . .     Faith    .   B - +0 scale mail "Raplocew" {SInv}
rPois    +         Spirit   .   (helmet restricted)
rElec    .         Reflect  .   x - +0 cloak
rCorr    .                      t - +0 pair of gloves
MR       .....                  (no boots)
Stlth    ..........             v - amulet of rage
HPRegen  0.17/turn              E - +5 ring of strength
MPRegen  0.10/turn              G - ring of poison resistance

@: no status effects
A: horns 1, molten scales 1, spiny 2
a: Berserk, Trog's Hand, Renounce Religion, Evoke Berserk Rage


You were on level 6 of the Dungeon.
You worshipped Trog.
Trog was most pleased with you.
You were very full.

You visited 1 branch of the dungeon, and saw 6 of its levels.

You collected 412 gold pieces.

Inventory:

Hand Weapons
 a - a +0 hand axe
 z - a +4 hand axe (weapon)
Missiles
 r - 64 exploding tomahawks (quivered)
 u - 292 poisoned tomahawks
Armour
 b - a +0 animal skin
 l - a +0 chain mail
 n - a +0 leather armour
 s - a +0 leather armour
 t - a +0 pair of gloves (worn)
 w - a +0 chain mail
 x - a +0 cloak (worn)
 B - the +0 scale mail "Raplocew" (worn) {SInv}
   (You found it on level 4 of the Dungeon)

   It lets you see invisible.
 C - a +1 robe of resistance
 H - a +0 robe of resistance
Jewellery
 v - an amulet of rage (around neck)
 E - a +5 ring of strength (left hand)
 G - a ring of poison resistance (right hand)
Scrolls
 d - 4 scrolls of fog {unknown}
 f - 4 scrolls of remove curse {unknown}
 g - 3 scrolls of fear {unknown}
 i - 3 scrolls of identify
 k - 3 scrolls of immolation {unknown}
 m - a scroll of magic mapping {unknown}
 y - 2 scrolls of teleportation {unknown}
 F - a scroll of enchant weapon {unknown}
Potions
 c - 2 potions of heal wounds {unknown}
 h - 2 potions of berserk rage {unknown}
 j - a potion of magic {unknown}
 o - 3 potions of brilliance {unknown}
 p - 2 potions of haste {unknown}
 q - a potion of might {unknown}
 A - a potion of resistance {unknown}
 D - a potion of lignification {unknown}
Comestibles
 e - 4 rations {!d}


   Skills:
 - Level 3.5 Fighting
 + Level 6.2 Axes
 + Level 0.2 Throwing
 * Level 4.5 Armour
 * Level 4.2 Dodging


You had 6 spell levels left.
You didn't know any spells.
Your spell library contained the following spells:

 Spells                   Type           Power        Failure   Level  Hunger
 Magic Dart               Conj           #...         69%         1    None
 Searing Ray              Conj           #.......     83%         2    ####...
 Iskenderun's Mystic Bla  Conj           #.......     96%         3    #####..
 Fulminant Prism          Conj/Hex       #.........   100%        4    ######.
 Irradiate                Conj/Tmut      #.........   100%        5    #######


Dungeon Overview and Level Annotations

Branches:
Dungeon (6/12)             Temple (0/1) D:4

Altars:
Elyvilon
Nemelex Xobeh
Okawaru
Sif Muna
Uskayaw
Wu Jian


Innate Abilities, Weirdness & Mutations

You have a pair of small horns on your head.
You are partially covered in molten scales. (AC +2)
You are mostly covered in sharp spines.


Message History

The wolf spider zombie hits you but does no damage.
The wolf spider zombie bites you but does no damage.
Your scale mail "Raplocew" prevents you from hitting the wolf spider zombie.
The wolf spider zombie is moderately damaged.
The wolf spider zombie is struck by your spines.
The wolf spider zombie barely misses you.
The wolf spider zombie bites you.
* * * LOW HITPOINT WARNING * * *
You slash the wolf spider zombie! You headbutt the wolf spider zombie!
The wolf spider zombie is heavily damaged.
The wolf spider zombie is struck by your spines.
The wolf spider zombie hits you but does no damage.
The wolf spider zombie bites you!
* * * LOW HITPOINT WARNING * * *
You slash the wolf spider zombie!
The wolf spider zombie is severely damaged.
The wolf spider zombie misses you.
The wolf spider zombie bites you but does no damage.
The wolf spider zombie hits you!
You die...

#.#.#.# #.. #.#.#.#
##.. #.#.#.# .....
#.#.#.# ##...# #.....#
#.....# ###.###
.......## #..##
........####...########
#....Z@'..............
#......####...########
#.....## #..## #....#
#.## #...# #.# ##+# #.#
#.# #####.# #.....#


You could see a wolf spider zombie.

Vanquished Creatures
  Menkaure (D:5)
  A sky beast (D:4)
  A centaur (D:5)
  A scorpion (D:5)
  2 crimson imps
  2 hounds (D:5)
  A jelly (D:4)
  2 bullfrog skeletons (D:4)
  3 orc wizards (D:4)
  7 worker ants
  A gnoll (D:2)
  4 adders
  An adder skeleton (D:5)
  A worm (D:2)
  5 dart slugs
  4 leopard geckos
  11 orcs
  2 giant cockroaches (D:1)
  3 goblins
  11 hobgoblins
  6 jackals
  3 quokkas
  6 bats
  2 frilled lizards
  6 kobolds
  3 rats (D:1)
90 creatures vanquished.

Vanquished Creatures (others)
  A frilled lizard (D:3)
1 creature vanquished.

Grand Total: 91 creatures vanquished

Notes
Turn   | Place    | Note
-------+----------+-------------------------------------------
     0 | D:1      | jojo4K the Demonspawn Berserker began the quest for the
                  | Orb.
     0 | D:1      | Reached XP level 1. HP: 18/18 MP: 1/1
   129 | D:1      | Gained mutation: You are partially covered in molten
                  | scales. (AC +2) [demonic ancestry]
   129 | D:1      | Reached XP level 2. HP: 19/24 MP: 2/2
   133 | D:1      | Reached skill level 3 in Axes
   476 | D:1      | Gained mutation: You have a pair of small horns on your
                  | head. [demonic ancestry]
   476 | D:1      | Reached XP level 3. HP: 28/29 MP: 3/3
   881 | D:2      | Reached ** piety under Trog
  1189 | D:2      | Found a sparkling altar of Nemelex Xobeh.
  1264 | D:2      | Gained mutation: You are partially covered in sharp spines.
                  | [demonic ancestry]
  1264 | D:2      | Reached XP level 4. HP: 34/35 MP: 4/4
  1602 | D:2      | Found a hide-covered altar of Uskayaw.
  1868 | D:3      | Reached skill level 4 in Axes
  2079 | D:3      | Reached XP level 5. HP: 41/41 MP: 5/5
  2526 | D:4      | Got a fine scale mail
  2586 | D:4      | Noticed a sky beast
  2595 | D:4      | Killed a sky beast
  2596 | D:4      | Reached XP level 6. HP: 47/47 MP: 6/6
  2598 | D:4      | Reached skill level 5 in Axes
  2665 | D:4      | Identified the +0 scale mail "Raplocew" {SInv} (You found
                  | it on level 4 of the Dungeon)
  2676 | D:4      | Found an iron altar of Okawaru.
  2884 | D:4      | Found a staircase to the Ecumenical Temple.
  3033 | D:4      | Gained mutation: You are mostly covered in sharp spines.
                  | [demonic ancestry]
  3033 | D:4      | Reached XP level 7. HP: 43/52 MP: 7/7
  3152 | D:5      | Entered Level 5 of the Dungeon
  3155 | D:5      | Noticed Menkaure
  3159 | D:5      | Killed Menkaure
  3159 | D:5      | Reached *** piety under Trog
  3287 | D:5      | Reached skill level 6 in Axes
  3314 | D:5      | Found an ornate altar of the Wu Jian Council.
  3520 | D:5      | Found a white marble altar of Elyvilon.
  3696 | D:5      | Found a shimmering blue altar of Sif Muna.
  3805 | D:6      | Slain by a wolf spider zombie

Skill      XL: |  1  2  3  4  5  6  7 |
---------------+----------------------+-----
Axes           | 3 4 5 6 |  6.2
Dodging        | 2 3 4 |  4.2
Armour         | 2 3 4 |  4.5
Fighting       | |  3.5
Throwing       | |  0.2

Action                   |  1- 3 |  4- 6 |  7- 9 || total
-------------------------+-------+-------+-------++-------
Melee: Hand axe          |    82 |    97 |    34 ||   213
       Headbutt          |     6 |    19 |    10 ||    35
Throw: Tomahawk          |       |       |     3 ||     3
Invok: Berserk           |       |     1 |       ||     1
       Trog's Hand       |       |     1 |       ||     1
  Eat: Ration            |     3 |     4 |     1 ||     8
Armor: Animal skin       |    18 |       |       ||    18
       Leather armour    |     6 |     4 |       ||    10
       Chain mail        |       |    31 |       ||    31
       Scale mail        |       |     7 |    16 ||    23
Dodge: Dodged            |    57 |    46 |    20 ||   123
